 Dungeon Crawl Stone Soup version 0.30-b1-5-g8e6c1be481 (webtiles) character file.

Game seed: 9395457575117990577

23 KittyFluff the Trooper (level 2, -2/30 HPs)
             Began as a Gargoyle Berserker on May 4, 2023.
             Was a Believer of Trog.
             Slain by Natasha (4 damage)
             ... on level 2 of the Dungeon.
             The game lasted 00:04:48 (796 turns).

KittyFluff the Trooper (Gargoyle Berserker)          Turns: 796, Time: 00:04:49

Health: -2/30      AC:  9    Str: 20    XL:     2   Next: 95%
Magic:  2/2        EV: 12    Int:  7    God:    Trog [**....]
Gold:   97         SH:  0    Dex:  9    Spells: 1/1 levels left

rFire   . . .        a - +0 mace
rCold   . . .        (no shield)
rNeg    + . .        b - +0 animal skin
rPois   ∞            (no helmet)
rElec   +            i - +0 cloak
rCorr   .            h - +2 pair of gloves
SInv    .            (no boots)
Will    .....        (no amulet) Stlth
                     (no ring)
HPRegen 0.25/turn    (no ring)
MPRegen 0.08/turn

%: no passive effects
@: berserking, very quick
A: sickness immunity, AC +2, negative energy resistance 1, electricity
resistance, torment resistance 1, petrification resistance
a: Renounce Religion, Berserk, Trog's Hand


You were on level 2 of the Dungeon.
You worshipped Trog.
Trog was pleased with you.
You visited 1 branch of the dungeon, and saw 2 of its levels.

You collected 97 gold pieces.

Inventory:

Hand Weapons
 a - a +0 mace (weapon)
Armour
 b - a +0 animal skin (worn)
 h - a +2 pair of gloves (worn)
 i - a +0 cloak (worn)
Scrolls
 d - 5 scrolls of identify {unknown}
 f - a scroll of immolation {unknown}
 g - a scroll of poison {unknown}
Potions
 c - a potion of curing {unknown}
 e - a potion of heal wounds {unknown}


   Skills:
 + Level 3.7 Fighting
 + Level 3.2 Maces & Flails
 * Level 2.6 Armour
 + Level 1.7 Dodging
 + Level 0.2 Stealth


You had one spell level left.
You didn't know any spells.
Your spell library was empty.

Dungeon Overview and Level Annotations

Branches:
Dungeon (2/15)

Altars:

Annotations:
D:2 Natasha


Innate Abilities, Weirdness & Mutations

You are immune to sickness and miasma.
Your stone body is resilient. (AC +2)
You are immune to poison.
You resist negative energy. (rN+)
You are resistant to electric shocks. (rElec)
You are resistant to unholy torment.
You are immune to petrification.


Message History

Found 6 gold pieces.
Found a scroll labelled WOERROHALA.
You now have 80 gold pieces (gained 6).
d - 5 scrolls labelled WOERROHALA (gained 1)
Found a pair of embroidered gloves.
You see here a +2 pair of gloves.
h - a +2 pair of gloves You start putting on your armour.
You continue putting on your +2 pair of gloves. x4
You finish putting on your +2 pair of gloves.
Found a ring mail.
Found a gold piece.
You see here a +0 ring mail.
You now have 81 gold pieces (gained 1).
Found a cloak.
You see here a +0 cloak.
i - a +0 cloak You start putting on your armour.
You continue putting on your +0 cloak. x4
You finish putting on your +0 cloak.
Found 16 gold pieces.
You now have 97 gold pieces (gained 16).
Natasha, Servant of Life and Death comes into view.
Natasha hisses angrily.
Natasha drinks a potion.
Natasha flickers and vanishes!
Deactivating autopickup; reactivate with Ctrl-A.
You hear some strange, mumbled words.
Something tries to affect you, but you resist.
You barely miss something. Something claws you!
You sock something! Something claws you but does no damage.
Something claws you!
* * * LOW HITPOINT WARNING * * *
A red film seems to cover your vision as you go berserk!
You feel yourself moving faster!
You feel mighty! Something claws you.
* * * LOW HITPOINT WARNING * * *
You miss something. You barely miss something.
Something claws you but does no damage.
You sock something! Something claws you.
* * * LOW HITPOINT WARNING * * *
You barely miss something. Something claws you.
You die...

#.# #.# #.# #.# #.# #.#
#.#####.###.#
#...........#
########.#..#######.#
###########.#..#.......#
........................
###########.#..#{######.
#.#..#@# #.#..#.#
#.#..#.# #.#..#.# ####
#.####.# .... #.. ..#
.... ### ###.


There were no monsters in sight!

Vanquished Creatures
  3 ball pythons
  An endoplasm (D:1)
  3 giant cockroaches
  A hobgoblin (D:1)
  4 bats
  6 frilled lizards (D:1)
  A goblin (D:1)
  4 rats
23 creatures vanquished.

Notes
Turn   | Place    | Note
-------+----------+-------------------------------------------
     0 | D:1      | KittyFluff the Gargoyle Berserker began the quest for the
                  | Orb.
     0 | D:1      | Reached XP level 1. HP: 14/14 MP: 1/1
   181 | D:1      | Reached XP level 2. HP: 19/19 MP: 2/2
   524 | D:2      | Reached ** piety under Trog
   783 | D:2      | Noticed Natasha
   796 | D:2      | Slain by Natasha

Illustrated notes

Levels and vault maps discovered:
D:1:      pf_arrival_petrified_forest, layout_rooms, minmay_lizard_pond
D:2:      layout_basic, minmay_misc_feat_five, uniq_sigmund, uniq_natasha

Action                     || total
---------------------------++-------
  Melee: Mace              ||    81
 Invoke: Berserk           ||     2
 Armour: Animal skin       ||    43
  Dodge: Dodged            ||    49
